[Event "Late-Titled-Tuesday-Blitz-May-28-2024"]
[Site "Chess.com"]
[Date "2024.05.28"]
[Round "1"]
[White "SoCalJuniorChess"]
[Black "ATM622"]
[Result "0-1"]
[WhiteElo "2238"]
[BlackElo "2576"]
[TimeControl "180+1"]
[EndTime "14:09:44 PDT"]
[Termination "ATM622 won by resignation"]

1. d4 d5 2. Nc3 Nf6 3. Bf4 e6 4. Nb5 Na6 5. e3 c6 6. Nc3 Bb4 7. Bxa6 bxa6 8. Ne2 O-O 9. a3 Bd6 10. O-O h6 11. Na4 Re8 12. Bxd6 Qxd6 13. Nc5 Rb8 14. Rb1 e5 15. b4 exd4 16. exd4 Bg4 17. f3 Bf5 18. Nc1 Bc8 19. N1d3 a5 20. bxa5 Rxb1 21. Qxb1 Qc7 22. Qb4 Bf5 23. Kf2 Qxh2 24. Ne5 Bxc2 25. Qd2 Bf5 26. a6 Nh5 27. Re1 Qg3+ 28.
Kg1 Nf4 29. Kh1 f6 30. Ned3 Rxe1+ 31. Nxe1 h5 32. Ncd3 Nxd3 33. Nxd3 h4 34. Nf4 h3 35.
Nxh3 Bxh3 36. gxh3 Qxh3+ 37. Kg1 Qg3+ 38. Kf1 Qxf3+ 39. Kg1 Qg3+ 40. Kh1 Qh3+ 41. Kg1 Qxa3 42. Qe2 Kf7 43. Qg4 Qe3+ 44. Kf1 Qe7 45. Qh5+ Ke6 46. Qg4+ Kd6 47. Qg3+ Ke6 48. Qg4+ Kf7 49. Qh5+ Kg8 50. Qf5 Qe8 51. Qb1 f5 52. Qb7 Qf7 53. Qb8+ Kh7 54. Qh2+ Kg6 55. Qg3+ Kh7 56. Qh4+ Kg8 57. Qd8+ Qf8 58.
Qd7 Qb8 59. Qe6+ Kh8 60. Qxf5 Kg8 61. Qe6+ Kh8 62. Qh3+ Kg8 63. Qe6+ Kf8 64. Qxc6 Qf4+ 65. Kg2 Qxd4 66. Qd6+ Kf7 67. Qd7+ Kf6 68. Qd8+ Kf5 69. Qf8+ Ke4 70. Qe7+ Kd3 71. Qa3+ Kc2 72. Qa2+ Kc3 73. Qa1+ Kd3 74. Qd1+ Kc4 75. Qc2+ Qc3 76. Qa4+ Qb4 77. Qc6+ Kd4 78. Qc7 Qc5 79. Qf4+ Kc3 80. Qg3+ Kb4 81. Qxg7 d4 82. Qb7+ Kc3 83. Qb1 Kc4 84. Qc2+ Kd5 85. Qf5+ Kc6 86. Qc8+ Kb5 87. Qb7+ Qb6 88. Qd5+ Kxa6 89.
Qa2+ Kb7 90. Qf7+ Kb8 91. Qf8+ Kc7 92. Qe7+ Kc6 93. Qe6+ Kb5 94. Qe5+ Qc5 95. Qb8+ Kc4 96. Qg8+ Qd5+ 97. Qxd5+ Kxd5 98. Kf2 Kc4 99. Ke2 Kc3 100. Kd1 a5 101. Kc1 a4 102. Kd1 d3 103. Kc1 a3 104. Kb1 d2 105. Ka1 d1=Q+ 106. Ka2 Qc2+ 0-1

[Event "Late-Titled-Tuesday-Blitz-May-28-2024"]
[Site "Chess.com"]
[Date "2024.05.28"]
[Round "1"]
[White "ural58"]
[Black "juancruzarias"]
[Result "1-0"]
[WhiteElo "2414"]
[BlackElo "2668"]
[TimeControl "180+1"]
[EndTime "14:09:52 PDT"]
[Termination "ural58 won by checkmate"]

1. e4 c6 2. Nc3 d5 3. Nf3 dxe4 4. Nxe4 Nf6 5. Qe2 Nxe4 6. Qxe4 Nd7 7. d4 Nf6 8. Qd3 Bg4 9. Be2 Bxf3 10. Bxf3 e6 11. Bd2 Be7 12. O-O-O Qd6 13. c4 O-O 14. Bc3 Rad8 15. g3 b5 16. cxb5 cxb5 17. Qxb5 Rc8 18. Kb1 Rb8 19. Qa4 Rfc8 20. Rc1 Nd5 21. Bxd5 Qxd5 22. Rhd1 Qb7 23. b3 Bg5 24. f4 Bf6 25. Bb2 Rd8 26. Rc2 h5 27. Qc4 a5 28. Rcd2 Rd5 29. h3 Qd7 30. g4 Rb4 31. Qc2 a4 32.
g5 axb3 33. axb3 Be7 34. g6 fxg6 35. Re2 Rdb5 36. Rd3 Bf6 37. Qd1 Kh7 38. Rg2 Qd5 39. Rgg3 Qf5 40. Qc2 Bh4 41. Rgf3 Bf6 42. Rg3 Rb7 43.
Rgf3 R4b5 44. Kc1 Rd5 45. Kd1 Qe4 46. Rde3 Qf5 47. Qxf5 gxf5 48. Rxe6 Rbd7 49. Kc2 Bxd4 50. Bxd4 Rxd4 51. Re5 Kg6 52. Re6+ Kf7 53. Re5 Kf6 54. Rc5 Rd2+ 55. Kc3 Rd1 56. b4 R7d2 57. Kc4 Rb2 58.
Kb5 Rdb1 59. Rc6+ Kf7 60. Rc4 Kf6 61. Rd3 Ke6 62. Re3+ Kd7 63. Re5 g6 64. Rd5+ Ke6 65. Rdc5 Kf6 66. Rc6+ Kg7 67. Rc7+ Kh6 68. Rd7 h4 69.
Rdd4 Kh5 70. Rc8 Kh6 71. Rc7 Rb3 72. Rdd7 Rxb4+ 73. Ka5 Rb5+ 74. Ka6 Rb6+ 75. Ka7 g5 76. Rh7+ Kg6 77. Rcg7+ Kf6 78. fxg5+ Ke5 79. Re7+ Kf4 80. Rc7 R6b2 81. Rc4+ Kg3 82. Ra4 f4 83. g6 Rb6 84.
g7 Rg6 85. Ra6 Rg5 86. Ka8 Rbb5 87. Ra7 f3 88. Rh8 Kxh3 89. g8=Q Rxg8+ 90. Rxg8 Rf5 91. Ra1 f2 92. Rh1# 1-0

[Event "Late-Titled-Tuesday-Blitz-May-28-2024"]
[Site "Chess.com"]
[Date "2024.05.28"]
[Round "1"]
[White "FuenfgegenWilly"]
[Black "KNVB"]
[Result "1/2-1/2"]
[WhiteElo "2451"]
[BlackElo "2770"]
[TimeControl "180+1"]
[EndTime "14:10:02 PDT"]
[Termination "Game drawn - insufficient material"]

1. b3 e5 2. Bb2 Nc6 3. e3 g6 4. c4 Bg7 5. Nf3 d6 6. Nc3 Nf6 7. Be2 O-O 8. O-O Re8 9. d3 e4 10. dxe4 Nxe4 11. Qc1 Nxc3 12. Bxc3 Bg4 13. h3 Bd7 14.
Qb2 Bxc3 15. Qxc3 Ne5 16. Nxe5 dxe5 17. Rfd1 Qe7 18. c5 Bc6 19. b4 Red8 20. Bc4 Kg7 21. a3 Rab8 22. Qb3 Be8 23. Rxd8 Rxd8 24. Rd1 b6 25.
cxb6 cxb6 26. Bd5 Rc8 27. a4 Qc7 28. a5 bxa5 29. bxa5 Qxa5 30. Qb2 Qc3 31. Qa2 a5 32.
Rb1 a4 33. Rb7 Rc7 34. Rb8 Re7 35. Ra8 h5 36. h4 e4 37. g3 Qe5 38. Bc4 Rc7 39.
Rd8 Bd7 40. Bxf7 Qf6 41. Bc4 Be6 42. Rd4 Bxc4 43. Rxc4 Qf7 44. Rxc7 Qxc7 45. Qxa4 Qe7 46. Qd4+ Kh6 47. Kg2 Kh7 48. Qd5 Qe8 49. Qd6 Kg7 50.
Qc7+ Kh6 51. Qf4+ Kg7 52. Qg5 Qe6 53. Qf4 Kh7 54. Qc7+ Kg8 55. Qb8+ Kg7 56. Qc7+ Kg8 57. Qf4 Kg7 58. f3 exf3+ 59. Kxf3 Qd5+ 60. Qe4 Qd1+ 61. Kf4 Qf1+ 62. Qf3 Qc1 63. Qb7+ Kh6 64. Qe7 Qf1+ 65. Ke4 Qf5+ 66. Kd4 Qf3 67. Qe5 Kh7 68. Qf4 Qd1+ 69.
Ke5 Qd7 70. Kf6 Qe8 71. e4 Qf8+ 72. Ke5 Qb8+ 73. Ke6 Qe8+ 74. Kd5 Qb5+ 75. Kd4 Qb4+ 76. Ke3 Qc3+ 77. Kf2 Qc2+ 78. Kf3 Qd3+ 79. Qe3 Qf1+ 80.
Qf2 Qd3+ 81. Kf4 Kg7 82. e5 Qf5+ 83. Ke3 Qxe5+ 84. Kf3 Qd5+ 85. Ke3 Qc5+ 86. Kf3 Qd5+ 87. Ke3 Kg8 88. Qf4 Qb3+ 89. Ke4 Qc2+ 90. Ke5 Qc6 91.
Qg5 Kf7 92. Qf4+ Kg7 93. Qg5 Qc5+ 94. Kf4 Qd4+ 95. Kf3 Qd3+ 96. Kf4 Qd2+ 97. Ke5 Qe2+ 98. Kf4 Qf2+ 99. Ke5 Qe2+ 100. Kf4 Qe6 101. Qe5+ Kf7 102. Qxe6+ Kxe6 103.
Ke4 Kf6 104. Kf4 g5+ 105. hxg5+ Kg6 106. g4 h4 107. Kf3 Kxg5 108. Kg2 Kxg4 109. Kh1 Kh3 110. Kg1 Kg3 111. Kh1 Kh3 112. Kg1 Kg4 113. Kh1 Kg3 114. Kg1 h3 115. Kh1 Kh4 116. Kg1 Kg4 117. Kh1 Kf4 118. Kg1 Kf3 119. Kh1 Kf2 120. Kh2 Kf1 121. Kxh3 1/2-1/2

[Event "Late-Titled-Tuesday-Blitz-May-28-2024"]
[Site "Chess.com"]
[Date "2024.05.28"]
[Round "1"]
[White "Heydarli77"]
[Black "MarcoRiehle"]
[Result "1/2-1/2"]
[WhiteElo "2456"]
[BlackElo "2782"]
[TimeControl "180+1"]
[EndTime "14:10:10 PDT"]
[Termination "Game drawn - insufficient material"]

1. d4 e6 2. c4 d5 3. Nc3 c5 4. cxd5 cxd4 5. Qxd4 Nc6 6. Qd1 exd5 7. e3 Nf6 8. Nf3 Bd6 9. Be2 O-O 10. O-O Bg4 11.
b3 Rc8 12. Bb2 Bb8 13. Nb5 Ne4 14. Nbd4 Qd6 15. g3 Rfe8 16. Rc1 Qh6 17. Qd3 a6 18. a3 Qh5 19. Rfe1 h6 20. b4 Ne7 21. Rxc8 Rxc8 22.
Rc1 Rxc1+ 23. Bxc1 Bd6 24. Bb2 Ng6 25. Qc2 Ne5 26.
Nxe5 Bxe5 27. f3 Bxd4 28. Bxd4 Bxf3 29. Qc8+ Kh7 30. Qf8 f6 31. Bf1 Qf5 32. Qb8 Bd1 33. Qf4 Qxf4 34. gxf4 Nd6 35. Bh3 Bf3 36. Bc5 Nc4 37. a4 b6 38. Bd4 Bd1 39. Be6 Bf3 40. Kf2 Be4 41. Bc8 a5 42. bxa5 bxa5 43. Ba6 Bc2 44.
Bb7 Bxa4 45. Bxd5 Bb5 46. Bc5 a4 47. e4 Kg6 48. Be6 Nd2 49. Ke3 Nf1+ 50. Kf2 Nxh2 51. Bf5+ Kf7 52. e5 fxe5 53. fxe5 Bc4 54. Bd7 Bb3 55. Kg2 Be6 56. Bxa4 Ng4 57. Bd6 g5 58. Kg3 h5 59. Bd1 h4+ 60. Kf3 Kg6 61. Bc2+ Bf5 62. Ba4 Be6 63. Be8+ Kf5 64. Ba4 Nxe5+ 65. Kg2 g4 66.
Bc2+ Kf4 67. Bf8 Bd5+ 68. Kg1 Nf3+ 69. Kf1 g3 70. Ba4 h3 71. Bd6+ Kg4 72. Bd7+ Kh4 73. Be7+ Kh5 74. Bxh3 Nd2+ 75. Ke2 Nc4 76. Bd7 Ne5 77.
Bf5 g2 78. Kf2 Nf3 79. Kxg2 Nh4+ 80. Kh3 Nxf5 81. Bd8 Bc4 82. Ba5 Bf1+ 83. Kh2 Kg4 84. Bc7 Kf3 85. Kg1 Bg2 86. Bb8 Nd4 87. Bc7 Ne2+ 88. Kh2 Nc3 89. Kg1 Ne4 90. Bb8 Nf6 91. Kh2 Ng4+ 92. Kg1 Bh3 93. Kh1 Ne3 94. Kh2 Bg4 95. Kg1 Nc2 96. Kh2 Kf2 97. Ba7+ Kf3 98. Bb8 Nb4 99. Ba7 Nc6 100. Bb6 Ne5 101. Bc7 Nd3 102. Bb8 Ne1 103. Ba7 Ng2 104. Bb8 Nh4 105. Ba7 Ke4 106. Kg3 Nf5+ 107. Kxg4 1/2-1/2

[Event "Late-Titled-Tuesday-Blitz-May-28-2024"]
[Site "Chess.com"]
[Date "2024.05.28"]
[Round "1"]
[White "lluiss"]
[Black "dennisodessa"]
[Result "1/2-1/2"]
[WhiteElo "2176"]
[BlackElo "2552"]
[TimeControl "180+1"]
[EndTime "14:10:46 PDT"]
[Termination "Game drawn by 50-move rule"]

1. Nf3 Nf6 2. d4 e6 3. g3 b6 4. Bg2 Bb7 5. O-O Be7 6. b3 O-O 7. Bb2 c5 8. c4 cxd4 9. Nxd4 Bxg2 10. Kxg2 Nc6 11. e3 Rc8 12. Nc3 d5 13. cxd5 Nxd5 14. Nxc6 Rxc6 15. Nxd5 exd5 16. Qd2 Bf6 17. Rac1 Rxc1 18.
Rxc1 Bxb2 19. Qxb2 Qd7 20. Qd4 g6 21. Rd1 Rc8 22. Rd2 Qe6 23. a4 Rc5 24. b4 Rc4 25. Qxd5 Qxd5+ 26. Rxd5 Rxb4 27. a5 h5 28. axb6 axb6 29.
Rd8+ Kg7 30. Rd6 Rb2 31. h4 b5 32. Rb6 b4 33. Kf3 b3 34. Kg2 Rb1 35. Kf3 Kf8 36. Rb7 b2 37. Kg2 Ke8 38. Rb8+ Kd7 39. Rb3 Kc6 40.
Rb8 Kc5 41. Kf3 Kc4 42. Rc8+ Kd3 43. Rd8+ Kc2 44. Rc8+ Kd1 45. Rb8 Ke1 46. Kg2 Ke2 47. Rb7 Kd3 48. Rd7+ Kc4 49. Rb7 Kc3 50. Rc7+ Kb3 51.
Rb7+ Kc4 52. Rb8 Kd3 53. Rd8+ Ke2 54. Rb8 Ke1 55. Rb7 Kd2 56. Rb8 Kd3 57. Rb7 Kc4 58. Rb8 Kc5 59. Kf3 Kc6 60. Rb3 Kd6 61. Kg2 Kc7 62. Rb4 Kc6 63. Rb3 Kd5 64. Rb8 Ke6 65. Rb6+ Kd5 66. Rb8 f6 67. Rb7 g5 68. hxg5 fxg5 69.
Rb8 h4 70. gxh4 gxh4 71. Rb7 h3+ 72. Kh2 Ke4 73. Rb8 Kf3 74. Rb7 Kxf2 75. e4 Ke3 76. e5 Kd4 77. e6 Kc3 78. Rc7+ Kd4 79. Rb7 Kc3 80. Rc7+ Kb3 81. Rb7+ Ka3 82. Ra7+ Kb4 83. Rb7+ Kc5 84. e7 Re1 85. Rxb2 Rxe7 86. Kxh3 Kc4 87. Rg2 Kc3 88. Rg3+ Kd4 89. Rg4+ Ke5 90. Rg3 Kf5 91. Rf3+ Kg5 92. Rg3+ Kh5 93. Kg2 Re2+ 94. Kf3 Ra2 95. Rg2 Ra3+ 96. Kf2 Kh4 97. Rg8 Kh3 98. Rh8+ Kg4 99.
Rg8+ Kf5 100. Rf8+ Ke6 101. Re8+ Kd7 102. Re3 Ra2+ 103. Kf3 Ra6 104. Rd3+ Ke6 105. Re3+ Kf5 106. Ke2 Rh6 107. Kd3 Kf4 108. Re4+ Kf3 109. Re3+ Kf2 110. Re8 Kf1 111. Ke4 Rh2 112. Rf8+ Ke1 113. Kd3 Rd2+ 114. Kc3 Rd7 115. Re8+ Kf2 116. Kc4 Kf3 117. Kc5 Ra7 118. Re1 Ra2 119. Re8 Rc2+ 120. Kd4 Rd2+ 121. Kc3 Rd7 122. Rf8+ Ke4 123. Re8+ Kd5 124. Rf8 Kc6 125. Kc4 Kc7 126. Rf6 Rh7 127. Kc5 Rh5+ 128. Kc4 Kd7 129. Rf7+ Ke6 130. Rf1 Rh4+ 131. Kc5 Rh5+ 132. Kc6 Rh4 133. Re1+ Kf5 134. Rf1+ Ke4 135. Re1+ Kd3 136. Rd1+ 1/2-1/2

[Event "Late-Titled-Tuesday-Blitz-May-28-2024"]
[Site "Chess.com"]
[Date "2024.05.28"]
[Round "2"]
[White "Stanbad1"]
[Black "giovannibrandao7"]
[Result "1-0"]
[WhiteElo "2669"]
[BlackElo "2270"]
[TimeControl "180+1"]
[EndTime "14:12:26 PDT"]
[Termination "Stanbad1 won by resignation"]

1. d4 Nf6 2. Nc3 d5 3. Bf4 e6 4. Nb5 Na6 5. e3 c6 6. Nc3 Bd6 7. Bxd6 Qxd6 8. Nf3 Ne4 9. Nxe4 dxe4 10. Nd2 f5 11.
Nc4 Qe7 12. Ne5 Nb8 13. Qh5+ Kf8 14. Ng6+ hxg6 15. Qxh8+ 1-0

[Event "Late-Titled-Tuesday-Blitz-May-28-2024"]
[Site "Chess.com"]
[Date "2024.05.28"]
[Round "2"]
[White "GMTalks_Youtube"]
[Black "rdarruda"]
[Result "1-0"]
[WhiteElo "2784"]
[BlackElo "2538"]
[TimeControl "180+1"]
[EndTime "14:13:22 PDT"]
[Termination "GMTalks_Youtube won by resignation"]

1. d4 Nf6 2. c4 e5 3. dxe5 Ne4 4. a3 Nc6 5. Nf3 d6 6. Qc2 d5 7. e3 Be6 8. b3 Qd7 9. Bb2 O-O-O 10. cxd5 Qxd5 11.
Bc4 Bb4+ 12. Ke2 1-0

[Event "Late-Titled-Tuesday-Blitz-May-28-2024"]
[Site "Chess.com"]
[Date "2024.05.28"]
[Round "2"]
[White "Dacean99"]
[Black "nrvisakh"]
[Result "1-0"]
[WhiteElo "2587"]
[BlackElo "2904"]
[TimeControl "180+1"]
[EndTime "14:13:43 PDT"]
[Termination "Dacean99 won by checkmate"]

1. e4 d6 2. d4 Nf6 3. Nc3 g6 4. Bg5 Bg7 5. Qd2 c6 6. O-O-O b5 7. f3 O-O 8. h4 h5 9. Kb1 a5 10.
Nh3 Bxh3 11. Rxh3 Nbd7 12. Bd3 b4 13. Ne2 c5 14. d5 Nb6 15. Nf4 c4 16. Be2 c3 17.
Qe3 cxb2 18. Bxf6 Bxf6 19. Nxh5 gxh5 20. Qh6 Be5 21. f4 Bxf4 22. Qxf4 f6 23. Rg3+ Kf7 24.
Bxh5# 1-0

[Event "Late-Titled-Tuesday-Blitz-May-28-2024"]
[Site "Chess.com"]
[Date "2024.05.28"]
[Round "2"]
[White "aval7an"]
[Black "NCchamp"]
[Result "1-0"]
[WhiteElo "2676"]
[BlackElo "2357"]
[TimeControl "180+1"]
[EndTime "14:14:07 PDT"]
[Termination "aval7an won by resignation"]

1. d4 d5 2. c4 dxc4 3. e3 e5 4. Bxc4 exd4 5. exd4 Bd6 6. Nf3 Nf6 7. O-O O-O 8. Nc3 Bg4 9. h3 Bh5 10. g4 Bg6 11.
Ne5 Nc6 12. f4 Nxe5 13. fxe5 Ne4 14. Nxe4 Bxe4 15. exd6 Qxd6 16. Bf4 Qb4 17. Qb3 Qa5 18. Rae1 Rae8 19. Be5 Bf5 20. gxf5 1-0

[Event "Late-Titled-Tuesday-Blitz-May-28-2024"]
[Site "Chess.com"]
[Date "2024.05.28"]
[Round "2"]
[White "dennisodessa"]
[Black "BenchGM"]
[Result "1-0"]
[WhiteElo "2554"]
[BlackElo "2233"]
[TimeControl "180+1"]
[EndTime "14:14:08 PDT"]
[Termination "dennisodessa won by resignation"]

1. d4 Nf6 2. c4 d6 3. Nc3 Bf5 4. f3 e5 5. d5 e4 6. Bg5 Nbd7 7. fxe4 Bg6 8. Nf3 h6 9. Bh4 Be7 10. Qd4 O-O 11. e5 dxe5 12. Nxe5 Nxe5 13. Qxe5 Re8 14. Qd4 c6 15. O-O-O cxd5 16. cxd5 Rc8 17. d6 Bf8 18. d7 Bc5 19. Bxf6 Bxd4 20. Bxd8 Be3+ 21. Rd2 Rexd8 22. dxc8=Q Rxc8 23. Kd1 b5 24. Nd5 Bxd2 25. Ne7+ 1-0

[Event "Late-Titled-Tuesday-Blitz-May-28-2024"]
[Site "Chess.com"]
[Date "2024.05.28"]
[Round "2"]
[White "MaiqMaster"]
[Black "BillCoe"]
[Result "1-0"]
[WhiteElo "2458"]
[BlackElo "2084"]
[TimeControl "180+1"]
[EndTime "14:14:13 PDT"]
[Termination "MaiqMaster won by resignation"]

1. e4 c5 2. Nc3 e6 3. Nge2 d5 4. exd5 exd5 5. d4 Nf6 6. g3 Be7 7. Bg2 O-O 8. O-O Nc6 9. dxc5 Bxc5 10. Nxd5 Nxd5 11. Qxd5 Qxd5 12. Bxd5 Bh3 13. Bg2 Bxg2 14. Kxg2 Nb4 15. c3 Nd3 16. Nf4 Nxc1 17. Raxc1 Rad8 18. Rcd1 Rfe8 19. b4 Bd6 20. Nd5 Kf8 21. Ne3 Be5 22. c4 Bc3 23. b5 Bd4 24. Nd5 b6 25.
Rxd4 1-0

[Event "Late-Titled-Tuesday-Blitz-May-28-2024"]
[Site "Chess.com"]
[Date "2024.05.28"]
[Round "2"]
[White "neilbhav"]
[Black "LikeWater"]
[Result "1-0"]
[WhiteElo "2427"]
[BlackElo "2700"]
[TimeControl "180+1"]
[EndTime "14:14:19 PDT"]
[Termination "neilbhav won by resignation"]

1. d4 Nf6 2. c4 c5 3. d5 b5 4. cxb5 a6 5. e3 e6 6. Nc3 exd5 7. Nxd5 Be7 8. Nxe7 Qxe7 9. Nf3 O-O 10. b6 d5 11.
Be2 Nbd7 12. O-O Nxb6 13. b3 a5 14. Bb2 a4 15. Rc1 Ba6 16. Bxa6 Rxa6 17. Qc2 Rc8 18. Rfd1 h6 19. Qc3 Qe6 20. Qd3 Nbd7 21. Nd4 Qb6 22. Nf5 axb3 23. Ne7+ Kf8 24. Nxc8 Qc7 25. Qxa6 1-0

[Event "Late-Titled-Tuesday-Blitz-May-28-2024"]
[Site "Chess.com"]
[Date "2024.05.28"]
[Round "2"]
[White "Nf3c5"]
[Black "AlexeiShirov"]
[Result "0-1"]
[WhiteElo "2569"]
[BlackElo "2900"]
[TimeControl "180+1"]
[EndTime "14:14:20 PDT"]
[Termination "AlexeiShirov won by resignation"]

1. e4 e5 2. Nf3 Nc6 3. Nc3 Nf6 4. h3 Be7 5. d4 exd4 6. Nxd4 O-O 7. Nf3 Bb4 8. Bd3 d5 9. exd5 Nxd5 10. O-O Nxc3 11. bxc3 Bxc3 12. Rb1 g6 13. Bh6 Bg7 14. Bxg7 Kxg7 15. Qc1 Qf6 16. Re1 b6 17. Be4 Bb7 18. Rb3 Rad8 19. Rbe3 Rfe8 20. Bd3 Rxe3 21. Qxe3 Nb4 22.
Be2 Nxc2 0-1

[Event "Late-Titled-Tuesday-Blitz-May-28-2024"]
[Site "Chess.com"]
[Date "2024.05.28"]
[Round "2"]
[White "Oleksandr_Bortnyk"]
[Black "rhungaski"]
[Result "1-0"]
[WhiteElo "3019"]
[BlackElo "2600"]
[TimeControl "180+1"]
[EndTime "14:14:21 PDT"]
[Termination "Oleksandr_Bortnyk won by resignation"]

1. e4 e6 2. Nf3 d5 3. e5 c5 4. d4 cxd4 5. Bd3 Ne7 6. O-O Nec6 7. Bf4 Nd7 8. Re1 Be7 9. Bg3 g5 10.
h3 h5 11. Nbd2 Qb6 12. Nb3 a5 13. a4 Nf8 14. Nfxd4 Bd7 15. Nb5 Nb4 16. Be2 Bxb5 17. Bxb5+ Nc6 18. c4 dxc4 19. Nd2 Qd4 20. Re4 Qd3 21. Rxc4 Rd8 22. Rxc6 1-0

[Event "Late-Titled-Tuesday-Blitz-May-28-2024"]
[Site "Chess.com"]
[Date "2024.05.28"]
[Round "2"]
[White "FairChess_on_YouTube"]
[Black "sofaceindisguise"]
[Result "1-0"]
[WhiteElo "3080"]
[BlackElo "2628"]
[TimeControl "180+1"]
[EndTime "14:14:27 PDT"]
[Termination "FairChess_on_YouTube won by resignation"]

1. d4 Nf6 2. c4 g6 3. Nc3 Bg7 4. e4 d6 5. h3 O-O 6. Be3 a5 7. Nf3 Na6 8. Be2 Qe8 9. Nd2 c6 10.
g4 Nd7 11. h4 e5 12. d5 Ndc5 13. h5 Bd7 14. Nb3 a4 15. Nxc5 Nxc5 16. Qd2 b5 17. Bxc5 dxc5 18. dxc6 Bxc6 19. cxb5 Rd8 20. Qe3 Bb7 21. Qxc5 Rd4 22. Qb6 Qa8 23. h6 Bh8 24. f3 Rb8 25. Qc7 Bf6 26. Bc4 Kh8 27. g5 Rxc4 28. Qxc4 1-0

[Event "Late-Titled-Tuesday-Blitz-May-28-2024"]
[Site "Chess.com"]
[Date "2024.05.28"]
[Round "2"]
[White "YurasovMat-2012"]
[Black "kleinebeer98"]
[Result "0-1"]
[WhiteElo "2585"]
[BlackElo "2966"]
[TimeControl "180+1"]
[EndTime "14:14:40 PDT"]
[Termination "kleinebeer98 won by resignation"]

1. e4 e5 2. Nf3 Nc6 3. Bc4 Nf6 4. d3 h6 5. c3 d6 6. h3 g5 7. Nbd2 Bg7 8. Nf1 Ne7 9. Ng3 c6 10. Be3 d5 11. Bb3 Ng6 12. Qe2 Nf4 13. Bxf4 exf4 14.
Nf5 Bxf5 15. exf5+ Qe7 16. Ne5 O-O-O 17. O-O h5 18. Rfe1 g4 19. hxg4 hxg4 20. Qd2 Ne4 21. dxe4 Bxe5 22. exd5 Qh4 23. Kf1 f3 0-1

[Event "Late-Titled-Tuesday-Blitz-May-28-2024"]
[Site "Chess.com"]
[Date "2024.05.28"]
[Round "2"]
[White "MarcoRiehle"]
[Black "HajiyevKanan"]
[Result "1-0"]
[WhiteElo "2784"]
[BlackElo "2478"]
[TimeControl "180+1"]
[EndTime "14:14:40 PDT"]
[Termination "MarcoRiehle won by resignation"]

1. e4 c6 2. c4 d5 3. cxd5 cxd5 4. exd5 Nf6 5. Nc3 Nxd5 6. Nf3 e6 7. d4 Nc6 8. Bd3 Be7 9. O-O O-O 10. Bd2 b6 11.
Re1 Bb7 12. Rc1 Nf6 13. Bg5 h6 14. Bh4 Nd5 15. Nxd5 Bxh4 16. Nxh4 Qxd5 17. Be4 Qd7 18. Nf3 Rfd8 19. Bxc6 Bxc6 20. Ne5 Ba4 21. b3 Qxd4 22. bxa4 Qb2 23. Qf3 f6 24. Nc6 Re8 25.
Qb3 Qd2 26. Rxe6 Qxc1+ 27. Re1+ Qc4 28. Qxc4+ 1-0

[Event "Late-Titled-Tuesday-Blitz-May-28-2024"]
[Site "Chess.com"]
[Date "2024.05.28"]
[Round "2"]
[White "IamSchrodingersCat"]
[Black "nihalsarin"]
[Result "0-1"]
[WhiteElo "2657"]
[BlackElo "3251"]
[TimeControl "180+1"]
[EndTime "14:14:44 PDT"]
[Termination "nihalsarin won by resignation"]

1. e4 e5 2. Nf3 Nc6 3. Bb5 Nf6 4. d3 Bc5 5. c3 O-O 6. O-O d5 7. Nbd2 dxe4 8. dxe4 Qe7 9. Qe2 a5 10. h3 Nh5 11. Rd1 Nf4 12. Qe1 Qf6 13. Bf1 a4 14. Kh2 Rd8 15. Nc4 Rxd1 16. Qxd1 Bxf2 17. Ncxe5 Nxe5 18. Nxe5 Bxh3 19. Ng4 Qh4 0-1

[Event "Late-Titled-Tuesday-Blitz-May-28-2024"]
[Site "Chess.com"]
[Date "2024.05.28"]
[Round "2"]
[White "Bryanl106"]
[Black "rhwr"]
[Result "1-0"]
[WhiteElo "2674"]
[BlackElo "2344"]
[TimeControl "180+1"]
[EndTime "14:14:45 PDT"]
[Termination "Bryanl106 won by resignation"]

1. e4 Nf6 2. e5 Nd5 3. c4 Nb6 4. d4 d6 5. exd6 exd6 6. Nc3 Be7 7. Bd3 Bf6 8. Nge2 Bg4 9. h3 Bh5 10. g4 Bg6 11. h4 Bxh4 12. Be3 Nc6 13. Nf4 Bf6 14.
Nxg6 fxg6 15. Bxg6+ Kf8 16. Bd3 Qe7 17. Be2 Re8 18. Qd2 Qf7 19. b3 d5 20. c5 Nd7 21. g5 Bd8 22. g6 Qxg6 23. Bh5 Qg2 24. O-O-O Re6 25. Rdg1 1-0

[Event "Late-Titled-Tuesday-Blitz-May-28-2024"]
[Site "Chess.com"]
[Date "2024.05.28"]
[Round "2"]
[White "TigrVShlyape"]
[Black "m_ezat"]
[Result "1-0"]
[WhiteElo "2921"]
[BlackElo "2574"]
[TimeControl "180+1"]
[EndTime "14:14:48 PDT"]
[Termination "TigrVShlyape won by resignation"]

1. d4 Nf6 2. Bf4 d5 3. e3 c5 4. c3 Nc6 5. Nd2 Bg4 6. Ngf3 e6 7.
Bb5 Bxf3 8. Nxf3 Bd6 9. Qa4 O-O 10. dxc5 Bxf4 11. Qxf4 Ne4 12. O-O Nxc5 13. Rfd1 Qb6 14. Bxc6 bxc6 15. b3 Rad8 16. Qd4 Ne4 17. c4 Qxd4 18.
Nxd4 Rc8 19. Rac1 Rfd8 20. f3 Nf6 21. cxd5 cxd5 22. Nc6 Re8 23. Ne7+ 1-0

[Event "Late-Titled-Tuesday-Blitz-May-28-2024"]
[Site "Chess.com"]
[Date "2024.05.28"]
[Round "2"]
[White "Cayse"]
[Black "VacheH009"]
[Result "1-0"]
[WhiteElo "2850"]
[BlackElo "2549"]
[TimeControl "180+1"]
[EndTime "14:14:58 PDT"]
[Termination "Cayse won by resignation"]

1. e4 e6 2. d4 d5 3. exd5 exd5 4. Nf3 Nc6 5. c4 Nf6 6. Nc3 Bb4 7. a3 Bxc3+ 8. bxc3 O-O 9. Be2 dxc4 10. Bxc4 Re8+ 11.
Be3 Ng4 12. O-O Rxe3 13. fxe3 Nxe3 14. Qb3 Nxf1 15. Bxf7+ Kh8 16. Rxf1 b6 17. d5 Na5 18.
Qb4 Qd6 19. Ne5 Ba6 20. Ng6+ 1-0

[Event "Late-Titled-Tuesday-Blitz-May-28-2024"]
[Site "Chess.com"]
[Date "2024.05.28"]
[Round "2"]
[White "Hananmo"]
[Black "AsaHoffmann"]
[Result "1-0"]
[WhiteElo "2540"]
[BlackElo "2342"]
[TimeControl "180+1"]
[EndTime "14:15:00 PDT"]
[Termination "Hananmo won by resignation"]

1. e4 d6 2. d4 c6 3. Nc3 a6 4. g4 b5 5. Bg2 g6 6. h4 Bg7 7. h5 h6 8. hxg6 fxg6 9. g5 h5 10. f4 Nd7 11. f5 Nf8 12. Bf3 h4 13.
fxg6 Nxg6 14. Bh5 Rxh5 15. Qxh5 Kf7 16. Nge2 Nf6 17. gxf6 Bxf6 18. Nf4 1-0

[Event "Late-Titled-Tuesday-Blitz-May-28-2024"]
[Site "Chess.com"]
[Date "2024.05.28"]
[Round "2"]
[White "Jahonas"]
[Black "ReadySkate"]
[Result "0-1"]
[WhiteElo "2423"]
[BlackElo "2716"]
[TimeControl "180+1"]
[EndTime "14:15:02 PDT"]
[Termination "ReadySkate won by resignation"]

1. d4 Nf6 2. c3 g6 3. Bf4 Bg7 4.
e3 O-O 5. Nd2 c5 6. Ngf3 cxd4 7.
cxd4 d6 8. Be2 Nc6 9. h3 Nd5 10. Bh2 e5 11. dxe5 dxe5 12. O-O f6 13. Nc4 Be6 14.
e4 Nf4 15. Bxf4 exf4 16. Nd6 Qe7 17. Nc4 Rad8 18. Qc1 f5 19. Qxf4 Nd4 20. Nxd4 Rxd4 21. Rfd1 Rxe4 22. Qd6 Qxd6 23. Nxd6 Rxe2 24. Nxb7 Rxb2 25.
Nc5 Bxa2 0-1

[Event "Late-Titled-Tuesday-Blitz-May-28-2024"]
[Site "Chess.com"]
[Date "2024.05.28"]
[Round "2"]
[White "BogdanDeac"]
[Black "Robert_Oros"]
[Result "1-0"]
[WhiteElo "3087"]
[BlackElo "2431"]
[TimeControl "180+1"]
[EndTime "14:15:07 PDT"]
[Termination "BogdanDeac won by checkmate"]

1. d4 e6 2. Nf3 f5 3. Bg5 Nf6 4. Nbd2 Be7 5. Bxf6 Bxf6 6. e4 fxe4 7. Nxe4 b6 8. Bd3 Bb7 9. Qe2 Nc6 10. c3 O-O 11. h4 Be7 12. Neg5 h6 13. Bh7+ Kh8 14. Bc2 Kg8 15. O-O-O Rf4 16. Qd3 hxg5 17. Qh7+ Kf7 18. Bg6+ Kf8 19. Qh8# 1-0

[Event "Late-Titled-Tuesday-Blitz-May-28-2024"]
[Site "Chess.com"]
[Date "2024.05.28"]
[Round "2"]
[White "WilsonPalencia21"]
[Black "KanalSzachowy"]
[Result "1-0"]
[WhiteElo "2601"]
[BlackElo "2377"]
[TimeControl "180+1"]
[EndTime "14:15:15 PDT"]
[Termination "WilsonPalencia21 won by resignation"]

1. d4 Nf6 2. c4 e6 3. Nf3 Bb4+ 4.
Nbd2 b6 5. a3 Bxd2+ 6. Qxd2 Bb7 7.
e3 O-O 8. b4 d5 9. Bb2 dxc4 10.
Bxc4 Nbd7 11. O-O Ne4 12. Qc2 Ndf6 13. Ne5 Rc8 14. Rfd1 Qe7 15. Bd3 c5 16. dxc5 bxc5 17. b5 c4 18. Bxc4 Bd5 19. Qe2 Bxc4 20. Nxc4 Qc5 21.
Ne5 Qc2 22. Qxc2 Rxc2 23. Bd4 Nxf2 24. Rdc1 Rfc8 25. Nc6 Rxc1+ 26. Rxc1 1-0

[Event "Late-Titled-Tuesday-Blitz-May-28-2024"]
[Site "Chess.com"]
[Date "2024.05.28"]
[Round "2"]
[White "JohnWhite1952"]
[Black "Redzishchess"]
[Result "0-1"]
[WhiteElo "1984"]
[BlackElo "2448"]
[TimeControl "180+1"]
[EndTime "14:15:15 PDT"]
[Termination "Redzishchess won by checkmate"]

1. e4 c5 2. Nf3 d6 3. c3 Nf6 4. Be2 g6 5. O-O Bg7 6. Re1 O-O 7. Bf1 Bg4 8. d4 Nc6 9. Qd3 Bxf3 10. gxf3 Nh5 11.
Be3 Rc8 12. a3 Qa5 13. Bh3 cxd4 14. Bxc8 dxe3 15. Bxb7 Nf4 16. Qxe3 Qg5+ 17. Kh1 Qg2# 0-1